 Dungeon Crawl Stone Soup version 0.21.1-1-g345015fe64 (webtiles) character file.

179 Peloso the Shield-Bearer (level 5, -2/28 HPs)
             Began as a Vine Stalker Fighter on May 1, 2018.
             Slain by a sky beast (5 damage)
             ... on level 3 of the Dungeon.
             The game lasted 00:03:56 (1579 turns).

Peloso the Shield-Bearer (Vine Stalker Fighter)     Turns: 1579, Time: 00:03:57

Health: -2/28      AC: 13    Str: 19    XL:     5   Next: 59%
Magic:  0/6        EV:  5    Int:  8    God:
Gold:   62         SH:  9    Dex: 14    Spells: 4/4 levels left

rFire    x . .     SeeInvis .   a - +0 long sword
rCold    + . .     Gourm    .   c - +0 shield
rNeg     . . .     Faith    .   b - +0 chain mail
rPois    .         Spirit   +   (no helmet)
rElec    .         Reflect  .   i - +2 cloak
rCorr    .         Harm     .   e - +0 pair of gloves
MR       .....                  (no boots)
Stlth    ..........             (no amulet)
HPRegen  0.49/turn              g - ring of ice
MPRegen  0.10/turn              h - ring of flight

@: drained
A: fangs 2, regeneration 1, magic shield, antimagic bite, no potion heal 3, rot
immunity
a: Evoke Flight


You were on level 3 of the Dungeon.
You were hungry.

You visited 1 branch of the dungeon, and saw 3 of its levels.

You collected 62 gold pieces.

Inventory:

Hand Weapons
 a - a +0 long sword (weapon)
Armour
 b - a +0 chain mail (worn)
 c - a +0 shield (worn)
 e - a +0 pair of gloves (worn)
 i - a +2 cloak (worn)
Jewellery
 g - a ring of ice (left hand)
 h - a ring of flight (right hand)
 s - an uncursed amulet of the gourmand {unknown}
Wands
 n - a wand of polymorph (7)
Scrolls
 l - a scroll of magic mapping {unknown}
 o - a scroll of enchant weapon {unknown}
 p - a scroll of identify {unknown}
 q - 2 scrolls of teleportation {unknown}
 u - a scroll of blinking {unknown}
Potions
 d - 2 potions of might
 j - a potion of resistance {unknown}
 k - a potion of curing {unknown}
 m - 3 potions of agility {unknown}
 r - a potion of mutation {unknown}
Comestibles
 f - 9 rations


   Skills:
 + Level 3.1(3.0) Fighting
 + Level 3.2(3.1) Long Blades
 + Level 3.2(3.1) Armour
 + Level 0.8(0.7) Dodging
 + Level 3.6(3.5) Shields


You had 4 spell levels left.
You didn't know any spells.

Dungeon Overview and Level Annotations

Branches:
Dungeon (3/15)

Altars:
Gozag
Qazlal
Trog
Uskayaw


Innate Abilities, Weirdness & Mutations

You have extremely sharp teeth.
Your natural rate of healing is unusually fast.
When hurt, damage is shared between your health and your magic reserves.
Your bite disrupts and absorbs the magic of your enemies.
Potions cannot restore your health.
You are immune to rotting.


Message History

The sky beast barely misses you.
The sky beast flickers out of sight!
Deactivating autopickup; reactivate with Ctrl-A.
Something hits you but does no damage.
You barely miss something. You bite something.
Something hits you but does no damage.
You miss something.
A sky beast appears from thin air!
Reactivating autopickup.
You block the sky beast's attack.
You hit the sky beast but do no damage.
The sky beast is severely wounded.
The sky beast barely misses you.
The sky beast flickers out of sight!
Deactivating autopickup; reactivate with Ctrl-A.
Something hits you.
* * * LOW HITPOINT WARNING * * *
Something shocks you.
* * * LOW HITPOINT WARNING * * *
You hit something. Something hits you.
* * * LOW HITPOINT WARNING * * *
Something shocks you.
You die...

#.#...>.....##..
##......####.##.##
#........###.##.#
###>.........#.....
#..............##.#
.............#.#
#...§§.......#
#....{....##.#
##.#§@.#..# .#
#.......##.....#
####.######.#### ..
#.# #. .. # .#.


There were no monsters in sight!

Vanquished Creatures
  Jessica (D:3)
  A worker ant (D:2)
  A gnoll (D:1)
  4 adders
  2 oozes (D:2)
  A worm (D:2)
  2 dart slugs (D:1)
  4 leopard geckos
  5 giant cockroaches
  6 goblins
  4 hobgoblins (D:1)
  10 jackals
  5 bats
  3 frilled lizards
  11 kobolds
  7 rats
67 creatures vanquished.

Notes
Turn   | Place    | Note
-------+----------+-------------------------------------------
     0 | D:1      | Peloso the Vine Stalker Fighter began the quest for the Orb.
     0 | D:1      | Reached XP level 1. HP: 11/11 MP: 2/2
   100 | D:1      | Reached XP level 2. HP: 4/16 MP: 1/3
   514 | D:1      | Reached XP level 3. HP: 6/20 MP: 1/4
   912 | D:2      | Gained mutation: Your natural rate of healing is unusually fast. [Vine Stalker growth]
   912 | D:2      | Reached XP level 4. HP: 5/24 MP: 2/5
   995 | D:2      | Reached XP level 5. HP: 27/28 MP: 4/6
  1229 | D:2      | Found a hide-covered altar of Uskayaw.
  1331 | D:2      | Found a stormy altar of Qazlal.
  1436 | D:2      | Found a bloodstained altar of Trog.
  1448 | D:2      | Found an opulent altar of Gozag.
  1526 | D:3      | Noticed Jessica
  1529 | D:3      | Killed Jessica
  1555 | D:3      | Noticed a sky beast
  1579 | D:3      | Slain by a sky beast

Skill      XL: |  1  2  3  4  5 |
---------------+----------------+-----
Long Blades    | 2 3 |  3.2
Shields        | 3 |  3.6
Fighting       | 3 |  3.1
Armour         | 3 |  3.2
Dodging        | |  0.8

Action                   |  1- 3 |  4- 6 || total
-------------------------+-------+-------++-------
Melee: Long sword        |    93 |   121 ||   214
       Bite              |    15 |    30 ||    45
  Eat: Chunk             |       |     2 ||     2
Armor: Scale mail        |    44 |    52 ||    96
       Chain mail        |       |    31 ||    31
Dodge: Dodged            |    38 |    48 ||    86
Block: Shield            |    67 |    74 ||   141
       Rpst.: Long sword |    12 |    12 ||    24
